 Dungeon Crawl Stone Soup version 0.29-a0-234-g0dae59b3db (webtiles) character file.

Game seed: 7666143576948423447

72 spaghetti the Skirmisher (level 4, -1/34 HPs)
             Began as an Octopode Fighter on Mar 3, 2022.
             Slain by a gnoll
             ... wielding a +0 halberd
              (12 damage)
             ... on level 2 of the Dungeon.
             The game lasted 00:01:53 (1190 turns).

spaghetti the Skirmisher (Octopode Fighter)         Turns: 1190, Time: 00:01:54

Health: -1/34      AC:  1    Str: 15    XL:     4   Next: 26%
Magic:  4/4        EV: 13    Int: 10    God:
Gold:   25         SH:  4    Dex: 13    Spells: 3/3 levels left

rFire   . . .      SeeInvis .   i - +6 quick blade {shortrare=g}
rCold   . . .      Faith    .   b - +0 buckler
rNeg    . . .      Spirit   .   (helmet restricted)
rPois   .          Reflect  .   (no amulet)
rElec   .          Harm     .   (no ring)
rCorr   .          Rampage  .   (no ring)
Will    .....                   (no ring)
Stlth   ++........              (no ring)
HPRegen 0.11/turn               (no ring)
MPRegen 0.09/turn               (no ring)
                                (no ring)
                                (no ring)

@: mighty
A: almost no armour, amphibious, 8 rings, camouflage 1, gelatinous body 1,
(nimble swimmer 1), tentacles
a: no special abilities


You were on level 2 of the Dungeon.
You visited 1 branch of the dungeon, and saw 2 of its levels.

You collected 25 gold pieces.


Innate Abilities, Weirdness & Mutations

You cannot wear most types of armour.
You are amphibious.
You can wear up to eight rings at the same time.
Your skin changes colour to match your surroundings (Stealth+).
Your rubbery body absorbs attacks. (AC +1, EV +1)
((You are camouflaged when in or above water. (Stealth+)))
You have tentacles for arms and can constrict up to eight enemies at once.


   Skills:
 - Level 4.6 Fighting
 + Level 1.3(1.9) Short Blades
 - Level 2.0(2.2) Long Blades
 - Level 3.0 Dodging
 - Level 3.0 Shields


You had 3 spell levels left.
You didn't know any spells.
Your spell library was empty.

Inventory:

Hand Weapons
 a - a +0 long sword {long}
 f - a +1 short sword of protection {short}
   (You took it off a kobold on level 1 of the Dungeon)
 i - a +6 quick blade (weapon) {shortrare=g}
   (You acquired it on level 2 of the Dungeon)
Missiles
 g - 34 stones (quivered) {throwing}
 k - a throwing net {=f!fthrowing}
Armour
 b - a +0 buckler (worn)
Scrolls
 d - 3 scrolls of fear
 h - a scroll of identify {@r1}
 j - a scroll of noise {unknown}
Potions
 e - 4 potions of curing {@q1}

Dungeon Overview and Level Annotations

Branches:
Dungeon (2/15)

Altars:

##.# #.# #.# #.#
##### #.# #.# #...#
#.# #.# #.#.# #.#
#.# #.#!# #.# #.#
#.#.# #g# #.# #.#.#
#g# #.#####.#.###@#
#..........)..###.#
#######.#..)......#
.[.###########
#####


You could see 2 gnolls.


Message History

There are monsters nearby!
The endoplasm quivers.
You hit the endoplasm.
Your weapon exudes an aura of protection.
You tentacle-slap the endoplasm.
You kill the endoplasm!
There is a stone staircase leading up here.
You see here a scroll labelled WEKHLU NY BEL.
The frilled lizard hisses angrily.
You block the frilled lizard's attack.
You hit the frilled lizard.
Your weapon exudes an aura of protection.
You kill the frilled lizard!
No target in view!
No target in view!
No target in view!
No target in view!
i - a scroll labelled WEKHLU NY BEL You now have 25 gold pieces (gained 8).
j - a scroll labelled ZADOIM PETTEIPT This is a scroll of acquirement!
Something appears before you!
i - a +6 quick blade {shortrare=g}
Okay, then.
Your +1 short sword of protection {short} goes still.
i - a +6 quick blade (weapon)
{shortrare=g} Setting a skill training target for Short Blades at 8.0.
Unknown command.
Key pressed, stopping explore.
A kobold comes into view. It is wielding a +0 short sword.
A kobold is nearby!
The helpless kobold fails to defend itself.
You hit the kobold.
You kill the kobold!
No target in view!
No target in view!
No target in view!
No target in view!
No target in view!
No target in view!
Things that are here:
a +0 short sword {short}; a kobold corpse 2 gnolls come into view.
You hit the gnoll. You grab the gnoll. You constrict the gnoll.
You block the gnoll's attack. The gnoll closely misses you.
You hit the gnoll. You constrict the gnoll.
The gnoll hits you with a +0 club. 😕 HP[-4]
You take 4 damage, and now have 23/27 hp.
You hit the gnoll. You constrict the gnoll. The gnoll barely misses you.
You puncture the gnoll!
You kill the gnoll!
The gnoll hits you with a +0 whip.
Your Short Blades skill increases to level 1!
You have reached level 4! 😮 HP[+1] MP[+1]
You now have 34 max hp (+7).
Your mp is fully restored (4).
You are too injured to fight recklessly!
You are too injured to fight recklessly!
You are too injured to fight recklessly!
You are too injured to fight recklessly!
You are too injured to fight recklessly!
You are too injured to fight recklessly!
You are too injured to fight recklessly!
You barely miss the gnoll. Your grab misses the gnoll. You puncture the gnoll!
You grab the gnoll.
You constrict the gnoll, but do no damage.
The gnoll misses you.
You hit the gnoll. You squeeze the gnoll.
You kill the gnoll!
You have 4 tentacles available for constriction.
Your movement speed is average.
Your attack delay is about 0.6.
Key pressed, stopping explore.
k - a throwing net {=f!fthrowing} You see here a +0 club {mace}. 😎 HP[+10]
Your hp is fully restored (34).
A gnoll comes into view. It is wielding a +0 spear.
Things that are here:
a +0 whip {mace}; a gnoll corpse A gnoll is nearby!
A gnoll is nearby!
A gnoll comes into view. It is wielding a +0 halberd.
The gnoll shouts! x2
The gnoll closely misses you. The gnoll hits you with a +0 spear!
The gnoll barely misses you. 😕 HP[-7]
You take 7 damage, and now have 27/34 hp.
MASSIVE DAMAGE!! (PAUSE)
You hit the gnoll. Your grab misses the gnoll.
The gnoll hits you from afar with a +0 halberd!
* * * LOW HITPOINT WARNING * * *
The gnoll barely misses you. 😨 HP[-16]
You take 16 damage, and now have 11/34 hp.
MASSIVE DAMAGE!! (PAUSE)
You aren't carrying any items that you can evoke.
You feel very mighty all of a sudden. The gnoll barely misses you.
The gnoll hits you from afar with a +0 halberd!
You die...

Skill      XL: |  1  2  3 |
---------------+----------+-----
Fighting       | 4 |  4.6
Short Blades   | 1 |  1.3
Long Blades    | |  2.0
Dodging        | |  3.0
Shields        | |  3.0

Action                   |  1- 3 |  4- 6 || total
-------------------------+-------+-------++-------
Melee: Long sword        |    17 |       ||    17
       Constrict         |    18 |     1 ||    19
       Tentacles         |    13 |     1 ||    14
       Short sword       |    45 |       ||    45
       Quick blade       |     5 |     4 ||     9
       Punch             |     1 |       ||     1
Throw: Stone             |     2 |       ||     2
  Use: Scroll            |     4 |       ||     4
       Potion            |     1 |     1 ||     2
 Stab: Sleeping          |    13 |       ||    13
Armor: Skin              |     6 |       ||     6
Dodge: Dodged            |    37 |     5 ||    42
Block: Buckler           |    14 |       ||    14

Levels and vault maps discovered:
D:1:      minmay_arrival_stone_box, layout_loops_ring,
          hellmonk_ecumenical_altar_inner_sanctum
D:2:      layout_loops_ring, minmay_misc_feat_ornament

Notes
Turn   | Place    | Note
-------+----------+-------------------------------------------
     0 | D:1      | spaghetti the Octopode Fighter began the quest for the Orb.
     0 | D:1      | Reached XP level 1. HP: 16/16 MP: 1/1
     0 | D:1      | magus.rc [v1.9.6]
    10 | D:2      | Reached XP level 2. HP: 17/21 MP: 2/2
   231 | D:1      | Reached skill level 4 in Fighting
   442 | D:1      | Reached XP level 3. HP: 27/27 MP: 3/3
   822 | D:1      | Found a faded altar of an unknown god.
  1028 | D:2      | Identified a scroll of acquirement
  1028 | D:2      | Acquired a +6 quick blade
  1029 | D:2      | i - a +6 quick blade {shortrare=g}
  1030 | D:2      | i - a +6 quick blade (weapon) {shortrare=g}
  1093 | D:2      | Reached skill level 1 in Short Blades
  1093 | D:2      | Reached XP level 4. HP: 24/34 MP: 4/4
  1190 | D:2      | Slain by a gnoll

Vanquished Creatures
  2 gnolls (D:2)
  An adder (D:2)
  A dart slug (D:1)
  3 bats (D:1)
  5 endoplasms
  2 goblins (D:1)
  2 hobgoblins (D:1)
  3 jackals (D:1)
  7 kobolds
  7 ball pythons (D:1)
  2 frilled lizards
  4 rats (D:1)
39 creatures vanquished.

Table legend:
 A = Non-vault XP
 B = Vault XP
 C = Vault XP percentage of total XP
 D = Non-vault monster count
 E = Vault monster count
 F = Vault count percentage of total count
                 A         B        C        D         E       F
            +---------+---------+-------+---------+---------+-------
      Total |     104 |       0 |   0.0 |      39 |       0 |   0.0
            +---------+---------+-------+---------+---------+-------
        D:1 |      58 |       0 |   0.0 |      33 |       0 |   0.0
        D:2 |      46 |       0 |   0.0 |       6 |       0 |   0.0
            +---------+---------+-------+---------+---------+-------

Illustrated notes

Table legend:
 A = Kills in this place as a percentage of kills in entire the game.
 B = Kills by you in this place as a percentage of kills by you in the entire game.
 C = Kills by friends in this place as a percentage of kills by friends in the entire game.
 D = Other kills in this place as a percentage of other kills in the entire game.
 E = Experience gained in this place as a percentage of experience gained in the entire game.
 F = Experience gained in this place divided by the number of levels of this place that you have seen.
                   A       B       C       D       E      F
               +-------+-------+-------+-------+-------+----------------------
         Total | 100.0 | 100.0 |   N/A |   N/A | 100.0 |  52.0
       Dungeon | 100.0 | 100.0 |   N/A |   N/A | 100.0 |  52.0
               +-------+-------+-------+-------+-------+----------------------

Table legend: (Time is in decaauts)
 A = Elapsed time spent in this place.
 B = Non-inter-level travel time spent in this place.
 C = Inter-level travel time spent in this place.
 D = Time resting spent in this place.
 E = Time spent auto-exploring this place.
 F = Levels seen in this place.
 G = Mean time per level.
                   A        B        C        D        E       F      G
               +--------+--------+--------+--------+--------+-----+--------+
         Total |   1196 |   1171 |     25 |     70 |    860 |   2 |  598.0 |
       Dungeon |   1196 |   1171 |     25 |     70 |    860 |   2 |  598.0 |
               +--------+--------+--------+--------+--------+-----+--------+

Top non-repeatable levels by time:
     D:1: 999 daAuts
     D:2: 196 daAuts
